 Dungeon Crawl Stone Soup version 0.30-a0-779-g7971cf19c3 (webtiles) character file.

Game seed: 4873266691343995145

1529 cheesebisquit the Ruffian (level 8, 0/80 HPs)
             Began as a Troll Fighter on Feb 17, 2023.
             Slain by an orc warrior
             ... wielding a +0 flail
              (11 damage)
             ... on level 7 of the Dungeon.
             The game lasted 00:17:42 (4533 turns).

cheesebisquit the Ruffian (Troll Fighter)           Turns: 4533, Time: 00:17:42

Health: 0/80       AC:  5    Str: 27    XL:     8   Next: 55%
Magic:  7/7        EV:  8    Int:  4    God:
Gold:   235        SH:  8    Dex:  9    Spells: 7/7 levels left

rFire   . . .      SeeInvis .      - Unarmed
rCold   . . .      Faith    .    b - +0 kite shield
rNeg    . . .      Spirit   .    a - +0 robe
rPois   .          Reflect  .    r - +1 hat
rElec   .          Harm     .    (no cloak)
rCorr   .          Rampage  .    (gloves unavailable)
Will    .....                    (boots unavailable)
Stlth   +                        t - amulet of the acrobat
HPRegen 1.13/turn                F - ring of flight
MPRegen 0.10/turn                (no ring)

@: flying
A: large, unfitting armour, claws 3, regeneration 1, shaggy fur 1, tough skin 1
a: no special abilities


You were on level 7 of the Dungeon.
You visited 1 branch of the dungeon, and saw 7 of its levels.

You collected 384 gold pieces.
You spent 149 gold pieces at shops.

Inventory:

Missiles
 i - 21 poisoned darts (quivered)
 j - 78 stones
 n - 3 curare-tipped darts
 x - a throwing net
 I - 2 boomerangs of dispersal
Armour
 a - a +0 robe (worn)
 b - a +0 kite shield (worn)
 r - a +1 hat (worn)
 w - the +0 kite shield "Ximamon" {rN+ Regen+ Str+2 Int-4}
   (You bought it in a shop on level 4 of the Dungeon)

   Str:       It affects your strength (+2).
   Int:       It affects your intelligence (-4).
   rN:        It protects you from negative energy.
   Regen:     It increases your rate of health regeneration.
Jewellery
 t - an amulet of the acrobat (around neck)
 F - a ring of flight (left claw)
Wands
 s - a wand of light (5)
 y - a wand of flame (19)
 z - a wand of digging (5)
Scrolls
 d - a scroll of blinking {unknown}
 g - 2 scrolls of vulnerability {unknown}
 k - 12 scrolls of identify {unknown}
 l - 3 scrolls of teleportation {unknown}
 m - 2 scrolls of poison {unknown}
 p - 2 scrolls of silence {unknown}
 q - 2 scrolls of fear {unknown}
 B - a scroll of fog {unknown}
 C - 2 scrolls of immolation {unknown}
 G - a scroll of brand weapon {unknown}
 H - a scroll of magic mapping {unknown}
Potions
 c - 2 potions of might
 e - a potion of haste {unknown}
 f - a potion of degeneration {unknown}
 h - a potion of resistance {unknown}
 o - a potion of heal wounds {unknown}
 u - 2 potions of flight {unknown}
 v - a potion of attraction {unknown}
 A - 2 potions of magic {unknown}
 D - a potion of brilliance {unknown}
 E - a potion of curing {unknown}


   Skills:
 + Level 5.1 Fighting
 - Level 2.4 Dodging
 + Level 5.5 Shields
 * Level 7.8 Unarmed Combat


You had 7 spell levels left.
You didn't know any spells.
Your spell library contained the following spells:

 Spells                   Type           Power      Damage    Failure   Level
 Foxfire                  Conj/Fire      0%         2x1d4     77%         1
 Sting                    Tmut/Pois      0%         1d3       77%         1
 Poisonous Vapours        Pois/Air       0%         N/A       88%         2
 Olgreb's Toxic Radiance  Pois           0%         N/A       100%        4
 Fireball                 Conj/Fire      0%         3d3       100%        5
 Starburst                Conj/Fire      0%         6d3       100%        6


Dungeon Overview and Level Annotations

Branches:
Dungeon (7/15)             Temple (0/1) D:7

Altars:
Gozag
Hepliaklqana
Zin

Shops:
D:3 *=   D:4 [

Annotations:
D:2 1 runed translucent door, Crazy Yiuf
D:6 2 transporters, Beavis's ghost, novice DsHu


Innate Abilities, Weirdness & Mutations

You are too large for most types of armour.
You have claws for hands.
Your natural rate of healing is unusually fast.
You are covered in fur. (AC +1)
You have tough skin. (AC +1)


Message History

You block the orc warrior's attack.
You closely miss the orc warrior. You claw the orc warrior!
The orc warrior is moderately wounded.
The white imp gestures at you. The puff of frost hits you!
The orc warrior closely misses you.
You scratch the orc warrior.
The orc warrior is moderately wounded.
You block the orc warrior's attack.
You closely miss the orc warrior.
The orc warrior is moderately wounded.
The orc warrior hits you with a +0 flail.
You scratch the orc warrior but do no damage.
The orc warrior is moderately wounded.
The orc warrior hits you with a +0 flail!
You closely miss the orc warrior.
The orc warrior is moderately wounded.
You block the orc's attack.
The orc warrior hits you with a +0 flail.
You scratch the orc but do no damage. The orc hits you with a +0 short sword.
The white imp gestures at you. The puff of frost hits you.
The orc warrior hits you with a +0 flail!
You barely miss the orc. The orc hits you with a +0 short sword.
The orc warrior hits you with a +0 flail.
You claw the orc!
You kill the orc!
The orc warrior hits you with a +0 flail!
The white imp barely misses you.
You barely miss the white imp.
The orc warrior hits you with a +0 flail!
* * * LOW HITPOINT WARNING * * *
The white imp closely misses you.
You barely miss the white imp.
The white imp lashes its tail.
The white imp gestures at you. The puff of frost hits you!
* * * LOW HITPOINT WARNING * * *
The orc warrior hits you with a +0 flail!
You die...

########## ##. #
###...##...## ... .
#...........######.#
..#............#.....#
..#............#.....#
..#............#.....#
.###.†..........@o...#
................5)......
..####)..).#...#........
..# ###.......#.........
..###......####.........
.###......## ........#.
## #...#...# ..##.##.#
##....###.....#.# .. ..
#....# #.>..#


You could see an orc warrior and a white imp.

Vanquished Creatures
  Prince Ribbit (D:7)
  2 black bears
  An ice beast (D:6)
  2 centaurs (D:7)
  A bullfrog (D:6)
  A scorpion (D:5)
  A necrophage (D:6)
  A howler monkey (D:7)
  2 jellies (D:4)
  4 orc priests
  3 hounds (D:5)
  5 iguanas
  2 orc wizards (D:3)
  5 gnolls
  3 adders
  3 ufetubi
  4 worms
  4 dart slugs
  29 orcs
  8 endoplasms
  2 giant cockroaches
  7 goblins
  7 hobgoblins
  8 jackals
  4 kobolds
  7 quokkas
  7 ball pythons
  7 bats
  A frilled lizard (D:1)
  8 rats
140 creatures vanquished.

Vanquished Creatures (others)
  A plant (D:5)
1 creature vanquished.

Grand Total: 141 creatures vanquished

Notes
Turn   | Place    | Note
-------+----------+-------------------------------------------
     0 | D:1      | cheesebisquit the Troll Fighter began the quest for the
                  | Orb.
     0 | D:1      | Reached XP level 1. HP: 22/22 MP: 0/0
   145 | D:1      | Reached XP level 2. HP: 25/29 MP: 1/1
   678 | D:2      | Found a glowing silver altar of Zin.
   681 | D:2      | Reached XP level 3. HP: 36/36 MP: 2/2
   751 | D:2      | Reached skill level 3 in Unarmed Combat
   841 | D:2      | Found a runed translucent door.
   842 | D:2      | Noticed Crazy Yiuf
  1474 | D:3      | Reached XP level 4. HP: 45/45 MP: 3/3
  1581 | D:3      | Reached XP level 5. HP: 53/53 MP: 4/4
  1601 | D:3      | Reached skill level 4 in Unarmed Combat
  1746 | D:3      | Found Urchanakh's Jewellery Emporium.
  1749 | D:3      | Found Beuvacw's Assorted Antiques.
  2095 | D:4      | Found Loutontale's Armour Boutique.
  2102 | D:4      | Bought the +0 kite shield "Ximamon" {rN+ Regen+ Str+2
                  | Int-4} for 149 gold pieces
  2112 | D:4      | Lost intelligence.
  2198 | D:4      | Reached XP level 6. HP: 56/61 MP: 5/5
  2237 | D:4      | Reached skill level 5 in Unarmed Combat
  2805 | D:5      | Entered Level 5 of the Dungeon
  2901 | D:5      | Found a hazy altar of Hepliaklqana.
  2932 | D:5      | Reached XP level 7. HP: 51/68 MP: 6/6
  3197 | D:5      | Reached skill level 6 in Unarmed Combat
  3581 | D:6      | Found a transporter.
  3609 | D:6      | Noticed Beavis's ghost (novice DsHu)
  3610 | D:6      | Noticed a manticore
  3611 | D:6      | Found a transporter.
  4065 | D:6      | Found a glowing silver altar of Zin.
  4066 | D:6      | Found an opulent altar of Gozag.
  4225 | D:7      | Noticed Prince Ribbit
  4270 | D:7      | Reached XP level 8. HP: 78/79 MP: 7/7
  4274 | D:7      | Reached skill level 5 in Shields
  4285 | D:7      | Killed Prince Ribbit
  4286 | D:7      | Reached skill level 7 in Unarmed Combat
  4395 | D:7      | Reached skill level 5 in Fighting
  4468 | D:7      | Found a staircase to the Ecumenical Temple.
  4533 | D:7      | Slain by an orc warrior

Illustrated notes

Levels and vault maps discovered:
D:1:      psy_arrival_basics, layout_basic
D:2:      layout_rooms, basic_altar, wad_orctagon, uniq_crazy_yiuf_cottage
D:3:      layout_rooms, serial_shops, shop_fountains, shop,
          amcnicky_mini_corridor_feature, minmay_randomly_rotated_circles
D:4:      layout_basic, serial_shops, shop_fountains, kennysheep_boxes
D:5:      layout_gridville, nicolae_hepliaklqana_hazy_memory
D:6:      layout_gridville, grunt_temple_overflow_gold_and_silver,
          gammafunk_ghost_arena
D:7:      nzn_winding_woodlands_three_and_one
          [nzn_winding_woodlands_5x15_pathside_ponds,
          nzn_winding_woodlands_5x15_pockets,
          nzn_winding_woodlands_5x15_sawtooth,
          nzn_winding_woodlands_center_lodge], layout_rooms,
          minmay_temple_entry_wispy, uniq_prince_ribbit1, uniq_duvessa

Skill      XL: |  1  2  3  4  5  6  7  8 |
---------------+-------------------------+-----
Shields        | 3 4 5 |  5.5
Unarmed Combat | 3 4 5 6 7 |  7.8
Fighting       | 3 4 5 |  5.1
Dodging        | |  2.4

Action                     |  1- 3 |  4- 6 |  7- 9 || total
---------------------------+-------+-------+-------++-------
  Melee: Unarmed           |   112 |   152 |   127 ||   391
  Throw: Stone             |     7 |       |       ||     7
         Dart              |       |     2 |       ||     2
 Armour: Robe              |    34 |    49 |    24 ||   107
  Dodge: Dodged            |    39 |    72 |    52 ||   163
  Block: Kite shield       |    34 |    72 |    47 ||   153

Table legend: (Time is in decaauts)
 A = Elapsed time spent in this place.
 B = Non-inter-level travel time spent in this place.
 C = Inter-level travel time spent in this place.
 D = Time resting spent in this place.
 E = Time spent auto-exploring this place.
 F = Levels seen in this place.
 G = Mean time per level.
                   A        B        C        D        E       F      G
               +--------+--------+--------+--------+--------+-----+--------+
         Total |   4559 |   4236 |    323 |     62 |   3031 |   7 |  651.3 |
       Dungeon |   4559 |   4236 |    323 |     62 |   3031 |   7 |  651.3 |
               +--------+--------+--------+--------+--------+-----+--------+

Top non-repeatable levels by time:
     D:6: 780 daAuts
     D:5: 739 daAuts
     D:4: 737 daAuts
     D:2: 734 daAuts
     D:3: 705 daAuts
     D:1: 654 daAuts
     D:7: 208 daAuts
